 Dungeon Crawl Stone Soup version 0.26-a0-667-g92642533e4 (webtiles) character file.

Game seed: 13112753777812284039

67 robertstho the Bolt Thrower (level 4, -1/27 HPs)
             Began as a Kobold Hunter on Oct 16, 2020.
             Slain by a gnoll
             ... wielding a +0 spear
              (7 damage)
             ... on level 2 of the Dungeon.
             The game lasted 00:01:44 (831 turns).

robertstho the Bolt Thrower (Kobold Hunter)          Turns: 831, Time: 00:01:44

Health: -1/27      AC:  5    Str: 10    XL:     4   Next: 40%
Magic:  4/4        EV: 13    Int: 12    God:
Gold:   138        SH:  0    Dex: 15    Spells: 3/3 levels left

rFire    . . .     SeeInvis .   b - +0 short sword
rCold    . . .     Faith    .   (shield restricted)
rNeg     . . .     Spirit   .   m - +0 ring mail
rPois    .         Reflect  .   (no helmet)
rElec    .         Harm     .   (no cloak)
rCorr    .         Rampage  .   (no gloves)
MR       .....                  (no boots)
Stlth    +.........             (no amulet)
HPRegen  0.09/turn              (no ring)
MPRegen  0.09/turn              (no ring)

@: confused
A: small, nightstalker 3
a: no special abilities


You were on level 2 of the Dungeon.
You visited 1 branch of the dungeon, and saw 2 of its levels.

You collected 138 gold pieces.

Inventory:

Hand Weapons
 a - a +1 hand crossbow
 b - a +0 short sword (weapon)
Armour
 m - a +0 ring mail (worn)
Scrolls
 c - a scroll of teleportation {unknown}
 f - 4 scrolls of identify {unknown}
 i - a scroll of amnesia {unknown}
 l - a scroll of remove curse {unknown}
Potions
 g - a potion of cancellation
 h - a potion of curing {unknown}
 j - a potion of stabbing {unknown}
 k - a potion of might {unknown}


   Skills:
 + Level 2.4 Fighting
 + Level 6.4 Crossbows
 + Level 0.2 Armour
 + Level 2.7 Dodging
 + Level 1.5 Stealth


You had 3 spell levels left.
You didn't know any spells.
Your spell library was empty.

Dungeon Overview and Level Annotations

Branches:
Dungeon (2/15)

Altars:
Gozag


Innate Abilities, Weirdness & Mutations

You are small and have problems with some larger weapons.
You are completely attuned to the shadows.


Message History

The gnoll is severely wounded.
The gnoll hits you from afar with a +0 spear.
Firing (i - inventory) No suitable missiles.
Press: ? - help, Shift-Dir - straight line, f/p - gnoll
Aim: a gnoll, wielding a +0 spear (severely wounded)
Okay, then.
Firing (i - inventory) No suitable missiles.
Press: ? - help, Shift-Dir - straight line, f/p - gnoll
Aim: a gnoll, wielding a +0 spear (severely wounded)
Okay, then.
b - a +0 short sword (weapon)
The gnoll hits you from afar with a +0 spear!
* * * LOW HITPOINT WARNING * * *
It was a potion of cancellation.
You feel magically purged. The gnoll hits you but does no damage.
It was a potion of ambrosia.
You are confused.
You feel invigorated.
The gnoll hits you from afar with a +0 spear!
You die...

##...## ##.....##
###.......#
#....._...#
#.#.......#
##.##.....##
#..###...##
#.########
######.# #.##@#
#......# #.##)#
####.###..###.##g#
.........†.>..†.g#
#.##.#.##)######.#
#.†..#.##.# #....#
#.#..# ##.###.##.#
#.#..# #........#
#.#..# ##......(#


You could see a gnoll and a hobgoblin.

Vanquished Creatures
  2 gnolls (D:2)
  An adder (D:2)
  A worm (D:2)
  A dart slug (D:1)
  2 leopard geckos
  A ball python (D:1)
  5 goblins (D:1)
  6 hobgoblins
  3 bats (D:1)
  3 frilled lizards (D:1)
  8 rats
33 creatures vanquished.

Notes
Turn   | Place    | Note
-------+----------+-------------------------------------------
     0 | D:1      | robertstho the Kobold Hunter began the quest for the Orb.
     0 | D:1      | Reached XP level 1. HP: 12/12 MP: 1/1
    42 | D:1      | Reached skill level 5 in Crossbows
   133 | D:1      | Reached XP level 2. HP: 17/17 MP: 2/2
   283 | D:1      | Reached XP level 3. HP: 17/21 MP: 3/3
   735 | D:2      | Reached skill level 6 in Crossbows
   768 | D:2      | Found an opulent altar of Gozag.
   817 | D:2      | Reached XP level 4. HP: 26/26 MP: 4/4
   831 | D:2      | Slain by a gnoll

Illustrated notes

Levels and vault maps discovered:
D:1:      kennysheep_arrival_forest, layout_rooms
D:2:      minmay_evil_eye, layout_basic, lemuel_round_altar,
          lightli_corner_chamber

Skill      XL: |  1  2  3 |
---------------+----------+-----
Crossbows      | 5 6 |  6.4
Fighting       | |  2.4
Armour         | |  0.2
Dodging        | |  2.7
Stealth        | |  1.5

Action                   |  1- 3 |  4- 6 || total
-------------------------+-------+-------++-------
 Fire: Hand crossbow     |    63 |     3 ||    66
  Use: Potion            |       |     2 ||     2
Armor: Leather armour    |     6 |       ||     6
       Ring mail         |     1 |     1 ||     2
Dodge: Dodged            |    23 |     3 ||    26

Table legend: (Time is in decaauts)
 A = Elapsed time spent in this place.
 B = Non-inter-level travel time spent in this place.
 C = Inter-level travel time spent in this place.
 D = Time resting spent in this place.
 E = Time spent auto-exploring this place.
 F = Levels seen in this place.
 G = Mean time per level.
                   A        B        C        D        E       F      G
               +--------+--------+--------+--------+--------+-----+--------+
         Total |    845 |    814 |     31 |      0 |    636 |   2 |  422.5 |
       Dungeon |    845 |    814 |     31 |      0 |    636 |   2 |  422.5 |
               +--------+--------+--------+--------+--------+-----+--------+

Top non-repeatable levels by time:
     D:1: 627 daAuts
     D:2: 217 daAuts
